 Dungeon Crawl Stone Soup version 0.28.0-45-g0d030f2227 (webtiles) character file.

Game seed: 18179079501949785719

152 MalarOregon the Grasshopper (level 5, -3/41 HPs)
             Began as a Palentonga Warper on Apr 23, 2022.
             Slain by Natasha (4 damage)
             ... on level 2 of the Dungeon.
             The game lasted 00:06:38 (2473 turns).

MalarOregon the Grasshopper (Palentonga Warper)     Turns: 2473, Time: 00:06:39

Health: -3/41      AC:  5    Str: 14    XL:     5   Next: 11%
Magic:  8/8        EV:  9    Int: 15    God:
Gold:   29         SH:  0    Dex: 10    Spells: 1/9 levels left

rFire   + . .      SeeInvis +   a - +0 quarterstaff
rCold   + . .      Faith    .   (shield currently unavailable)
rNeg    . . .      Spirit   .   b - +0 leather armour
rPois   +          Reflect  .   n - +0 helmet
rElec   +          Harm     .   (no cloak)
rCorr   +          Rampage  .   (no gloves)
Will    .....                   (no barding)
Stlth   +.........              (no amulet)
HPRegen 0.13/turn               (no ring)
MPRegen 0.11/turn               (no ring)

@: resistant, slowed, very slow
A: large, rugged brown scales 3, see invisible, deformed body, roll 1, armoured
tail
a: Rolling Charge


You were on level 2 of the Dungeon.
You visited 1 branch of the dungeon, and saw 2 of its levels.

You collected 29 gold pieces.


Innate Abilities, Weirdness & Mutations

You are completely covered in rugged brown scales. (AC +3, +7% HP)
You have supernaturally acute eyesight. (SInv)
Armour fits poorly on your strangely shaped body.
You can roll at nearby foes to attack.
You have a long armoured tail.


   Skills:
 * Level 2.6 Fighting
 - Level 2.3(2.5) Maces & Flails
 * Level 1.2(2.0) Staves
 + Level 1.0 Throwing
 * Level 1.7 Armour
 * Level 2.2 Dodging
 * Level 2.6 Spellcasting
 * Level 3.5 Translocations


You had one spell level left.
You knew the following spells:

 Your Spells              Type           Power      Damage    Failure   Level
a - Gell's Gravitas       Tloc           12%        N/A       19%         3
b - Blink                 Tloc           24%        N/A       9%          2
c - Teleport Other        Tloc           12%        N/A       19%         3

Your spell library contained the following spells:

 Spells                   Type           Power      Damage    Failure   Level
 Lesser Beckoning         Tloc           12%        N/A       19%         3
 Manifold Assault         Tloc           12%        N/A       86%         5

Inventory:

Hand Weapons
 a - a +0 quarterstaff (weapon)
   (You found it on level 1 of the Dungeon)
Missiles
 d - 5 boomerangs of dispersal (quivered) {!f}
 e - 6 datura-tipped darts
Armour
 b - a +0 leather armour (worn)
 n - a +0 helmet (worn)
   (You took it off Robin on level 1 of the Dungeon)
Jewellery
 o - a ring of poison resistance
   (You took it off a goblin on level 2 of the Dungeon)
Scrolls
 g - a scroll of immolation {unknown}
 h - a scroll of fear {unknown}
 i - a scroll of identify {unknown}
 k - a scroll of noise {unknown}
 p - a scroll of enchant armour {unknown}
Potions
 f - a potion of degeneration {unknown}
 j - a potion of resistance

Dungeon Overview and Level Annotations

Branches:
Dungeon (2/15)

Altars:

Annotations:
D:2 Natasha

#..(#)######.#.# #....#
#######.#.#.#####..#.# #.##.####
......#.#.#.#......#.####.##.#.#.
.................................
....#.#.#.#.#.###..#.####.##.#...
.................................
....#.#.#...#...#..#.......#.#.#.
....#.#.#...#......#.#######.#...
....#.#.#.......@hgg..)....)...#.
..#.#.#.#####.##############.#.#.
.##.#........................#.#(
.##.###.##....#########......#.#.
......#.....))# #........#.
.##.#.###.....# #........##
.##.#.# #.....# #......#.#
.##.#.# #.....# ###......#.#
.##.#.###.....# #.gg#+#.##.#


You could see Natasha and 2 gnolls.


Message History

You finish memorising.
Spell assigned to 'c'.
You see here 17 bolts.
A ball python comes into view.
The ball python hisses angrily.
A hobgoblin comes into view.
The hobgoblin shouts!
You hit the ball python.
Your tail-slap misses the ball python.
The ball python barely misses you.
You closely miss the ball python.
The ball python bites you but does no damage. x2
You sock the ball python!
You kill the ball python!
Roll where?
Press: ? - help, Dir - move target, f - hobgoblin
Aim: a hobgoblin You roll forward with a clatter of scales!
You hit the hobgoblin.
The hobgoblin hits you but does no damage.
You barely miss the hobgoblin.
The hobgoblin hits you but does no damage.
You barely miss the hobgoblin. You tail-slap the hobgoblin.
You kill the hobgoblin!
You see here a hobgoblin corpse.
Found 13 gold pieces.
Natasha, Servant of Life and Death comes into view.
Found 12 stones.
Natasha hisses angrily.
Natasha moves out of view.
You start waiting.
Natasha is nearby!
Roll where?
Press: ? - help, Dir - move target, f - Natasha
Aim: Natasha You roll forward with a clatter of scales!
You hit Natasha.
You hear a shout! x3
Natasha mumbles some strange words.
You closely miss Natasha. Natasha claws you.
A gnoll comes into view. It is wielding a +0 halberd.
You hit Natasha. Natasha closely misses you. The shadow imp closely misses you.
Natasha claws you.
You hit Natasha but do no damage.
A gnoll comes into view. It is wielding a +0 spear.
The shadow imp barely misses you. Natasha claws you.
Natasha stares at you and mumbles some strange words.
You resist with some effort.
The shadow imp disappears for a moment.
You sock the shadow imp! You tail-slap the shadow imp.
You kill the shadow imp!
The shadow imp disappears in a puff of smoke!
Natasha casts a spell at you. The magic dart hits you.
You barely miss Natasha. Natasha barely misses you.
The gnoll hits you from afar with a +0 halberd!
Natasha casts a spell at you. The magic dart hits you.
* * * LOW HITPOINT WARNING * * *
Casting: Gell's Gravitas (quite dangerous; 19% risk of failure)
Confirm with . or Enter, or press ? or * to list all spells.
The spell is quite dangerous to miscast (19% risk of failure)!
Continue anyway?
Okay, then.
Natasha stares at you and mumbles some strange words.
You feel yourself slow down.
Blink to where?
Press: ? - help, Dir - move target, p - Natasha
As you read the scroll of blinking, it crumbles to dust.
Natasha howls an incantation.
Natasha glows brightly for a moment.
Natasha mumbles some strange words.
Natasha howls an incantation.
You feel troubled. The shadow imp hits you.
* * * LOW HITPOINT WARNING * * *
You see here a +0 club.
Natasha misses you. Natasha claws you!
* * * LOW HITPOINT WARNING * * *
Natasha stares at you and mumbles some strange words.
You feel as though you will be slow longer.
Natasha claws you.
* * * LOW HITPOINT WARNING * * *
Things that are here:
a +0 club; a +0 club
Okay, then.
Natasha closely misses you.
The shadow imp disappears in a puff of smoke!
Natasha claws you.
* * * LOW HITPOINT WARNING * * *
Natasha claws you.
* * * LOW HITPOINT WARNING * * *
You see here a +0 dagger.
Natasha mumbles some strange words.
Natasha glows brightly for a moment.
Natasha claws you.
* * * LOW HITPOINT WARNING * * *
There is a stone staircase leading up, spattered with blood here.
It was a potion of resistance.
You feel protected. The gnoll misses you. Natasha claws you.
You die...

Skill      XL: |  1  2  3  4 |
---------------+-------------+-----
Armour         | 1 |  1.7
Dodging        | 2 |  2.2
Staves         | 1 |  1.2
Throwing       | 1 |  1.0
Fighting       | |  2.6
Maces & Flails | |  2.3
Spellcasting   | |  2.6
Translocations | |  3.5

Action                   |  1- 3 |  4- 6 || total
-------------------------+-------+-------++-------
Melee: Mace              |    46 |       ||    46
       Tailslap          |    14 |     2 ||    16
       Quarterstaff      |    75 |    23 ||    98
       Punch             |     1 |       ||     1
 Abil: Rolling Charge    |     5 |     2 ||     7
  Use: Potion            |       |     3 ||     3
       Scroll            |       |     1 ||     1
Armor: Leather armour    |    55 |     5 ||    60
Dodge: Dodged            |    52 |    16 ||    68

Levels and vault maps discovered:
D:1:      onia_arrival_pyramid, layout_rooms, shapermc_ecumenical_altar_petra,
          minmay_cut_off
D:2:      layout_basic, uniq_natasha, uniq_jessica, uniq_robin

Notes
Turn   | Place    | Note
-------+----------+-------------------------------------------
     0 | D:1      | MalarOregon the Palentonga Warper began the quest for the
                  | Orb.
     0 | D:1      | Reached XP level 1. HP: 17/17 MP: 3/3
    75 | D:1      | Reached XP level 2. HP: 16/23 MP: 5/5
    79 | D:1      | Learned a level 2 spell: Blink
   314 | D:1      | Reached skill level 1 in Armour
   614 | D:1      | Reached XP level 3. HP: 28/28 MP: 6/6
   654 | D:1      | Learned a level 3 spell: Gell's Gravitas
   755 | D:1      | Found a faded altar of an unknown god.
   907 | D:2      | Noticed Robin
   949 | D:1      | HP: 4/28 [goblin/+0 club[Robin] (4)]
  1220 | D:1      | Killed Robin
  1292 | D:1      | HP: 6/29 [goblin/+0 club[Robin] (3)]
  1772 | D:2      | Noticed Jessica
  1781 | D:2      | Killed Jessica
  1782 | D:2      | Reached skill level 2 in Dodging
  1782 | D:2      | Reached XP level 4. HP: 27/36 MP: 7/7
  2147 | D:2      | Noticed a scorpion
  2175 | D:2      | Killed a scorpion
  2176 | D:2      | Reached skill level 1 in Staves
  2176 | D:2      | Reached skill level 1 in Throwing
  2176 | D:2      | Reached XP level 5. HP: 18/41 MP: 8/8
  2385 | D:2      | Learned a level 3 spell: Teleport Other
  2441 | D:2      | Noticed Natasha
  2470 | D:2      | HP: 9/41 [Natasha (3)]
  2471 | D:2      | HP: 4/41 [Natasha (5)]
  2472 | D:2      | HP: 1/41 [Natasha (3)]
  2473 | D:2      | Slain by Natasha

Vanquished Creatures
  A scorpion (D:2)
  Jessica (D:2)
  Robin (D:1)
  A worm (D:2)
  5 bats
  4 endoplasms (D:1)
  2 giant cockroaches
  11 goblins
  7 hobgoblins
  3 jackals (D:1)
  3 kobolds
  A quokka (D:1)
  4 ball pythons
  3 rats (D:1)
47 creatures vanquished.

Vanquished Creatures (others)
  3 fungi (D:1)
  A plant (D:1)
4 creatures vanquished.

Grand Total: 51 creatures vanquished

Table legend:
 A = Non-vault XP
 B = Vault XP
 C = Vault XP percentage of total XP
 D = Non-vault monster count
 E = Vault monster count
 F = Vault count percentage of total count
                 A         B        C        D         E       F
            +---------+---------+-------+---------+---------+-------
      Total |     139 |      79 |  36.2 |      31 |      16 |  34.0
            +---------+---------+-------+---------+---------+-------
        D:1 |      38 |      27 |  41.5 |      22 |       7 |  24.1
        D:2 |     101 |      52 |  34.0 |       9 |       9 |  50.0
            +---------+---------+-------+---------+---------+-------

Illustrated notes

Table legend:
 A = Kills in this place as a percentage of kills in entire the game.
 B = Kills by you in this place as a percentage of kills by you in the entire game.
 C = Kills by friends in this place as a percentage of kills by friends in the entire game.
 D = Other kills in this place as a percentage of other kills in the entire game.
 E = Experience gained in this place as a percentage of experience gained in the entire game.
 F = Experience gained in this place divided by the number of levels of this place that you have seen.
                   A       B       C       D       E      F
               +-------+-------+-------+-------+-------+----------------------
         Total | 100.0 | 100.0 |   N/A |   N/A | 100.0 | 109.0
       Dungeon | 100.0 | 100.0 |   N/A |   N/A | 100.0 | 109.0
               +-------+-------+-------+-------+-------+----------------------

Table legend: (Time is in decaauts)
 A = Elapsed time spent in this place.
 B = Non-inter-level travel time spent in this place.
 C = Inter-level travel time spent in this place.
 D = Time resting spent in this place.
 E = Time spent auto-exploring this place.
 F = Levels seen in this place.
 G = Mean time per level.
                   A        B        C        D        E       F      G
               +--------+--------+--------+--------+--------+-----+--------+
         Total |   2518 |   2449 |     69 |    870 |   1132 |   2 | 1259.0 |
       Dungeon |   2518 |   2449 |     69 |    870 |   1132 |   2 | 1259.0 |
               +--------+--------+--------+--------+--------+-----+--------+

Top non-repeatable levels by time:
     D:1: 1483 daAuts
     D:2: 1035 daAuts
